[Event "Titled Tuesday Blitz June 07 Late 2022"]
[White "Przybylski, Wojciech"]
[Black "Martinez Alcantara, Jose Eduardo"]
[WhiteFideId "1117599"]
[BlackFideId "3805662"]
[WhiteElo "2133"]
[BlackElo "2703"]
[Result "0-1"]
[Round "02"]
[TimeControl "180+1"]
[Date "2022.06.07"]
[WhiteClock "0:00:05"]
[BlackClock "0:00:03"]

1. e4 c5 2. Nf3 d6 3. Bb5+ Nd7 4. Ba4 Nf6 5. Nc3 a6 6. Bb3 e6 7. O-O Be7 8. a4 b6 9. d4 Qc7 10. d5 e5 11. Bc4 g6 12. Bh6 Bf8 13. Be3 Bg7 14. h3 O-O 15. Nh2 Nh5 16. Ne2 Rb8 17. Qd3 Qb7 18. Ba2 b5 19. axb5 axb5 20. b4 c4 21. Qd2 Nb6 22. Nc3 Bd7 23. Rae1 Ra8 24. Bh6 Ra3 25. Bxg7 Kxg7 26. Ng4 Bxg4 27. hxg4 Nf6 28. g5 Nh5 29. g3 Nd7 30. Re3 f6 31. f4 fxg5 32. fxg5 Rxf1+ 33. Kxf1 Qb6 34. Kg2 Kg8 35. Rf3 Ra8 36. Qf2 Qxf2+ 37. Kxf2 Ng7 38. Bb1 Rb8 39. Ke3 Ne8 40. Ne2 Nc7 41. Rf1 Ra8 42. Kd2 Kg7 43. c3 Nb6 44. Bc2 Ra2 45. Kc1 Ra1+ 46. Bb1 Ra7 47. Kc2 Na6 48. Ng1 Rf7 49. Rxf7+ Kxf7 50. Nf3 Nc7 51. Nh2 Nd7 52. Nf3 Kg7 53. Kd2 h5 54. Bc2 Kf7 55. Bd1 Nb6 56. Be2 Na4 57. Kc2 Nb6 58. Bf1 Ke7 59. Bg2 Nd7 60. Bh3 Nf8 61. Bc8 Kd8 62. Bh3 Nh7 63. g4 hxg4 64. Bxg4 Ke7 65. Bc8 Nf8 66. Kd2 Kd8 67. Bg4 Na8 68. Ke3 Nb6 69. Kd2 Kc7 70. Bh3 Na4 71. Bg4 Nb2 72. Be6 Nd3 73. Bf7 Nf4 74. Ke3 Kd7 75. Nh4 Ke7 76. Bg8 Nh3 77. Nf3 Nf4 78. Nh4 Nh3 79. Nf3 Ke8 80. Kd2 Nf4 81. Ke3 Kd8 82. Nh4 Ke7 83. Nf3 Nd3 84. Nh4 Nc1 85. Nf3 Nd3 86. Nh4 Ke8 87. Nf3 Nc1 88. Nh4 Nb3 89. Nf3 Na1 90. Kd2 Nb3+ 91. Ke3 Nc1 92. Nh4 Nd3 93. Nf3 Nf4 94. Nh4 Nh5 95. Nf3 Ng7 96. Nh4 Ke7 97. Nf3 Ne8 98. Nh4 Nc7 99. Nf3 Na8 100. Nh4 Nb6 101. Nf3 Na4 102. Kd2 Nb6 103. Nh4 Ke8 104. Ke3 Nc8 105. Nf3 Ne7 106. Be6 Nxe6 107. dxe6 Kd8 108. Nh4 Kc7 109. Kf3 Kc6 110. Ke3 d5 111. exd5+ Kxd5 112. Kf3 Kxe6 113. Ke4 Kd6 114. Nf3 Nd5 115. Nxe5 Nxc3+ 116. Kd4 Ne2+ 117. Ke4 c3 118. Nxg6 c2 119. Ne5 c1=Q 120. Nf7+ Ke7 121. Kf5 Kxf7 122. g6+ Kg7 123. Kg4 Qf4+ 124. Kh5 Ng3# 0-1


[Site "https://www.chess.com"]

[Event "Titled Tuesday Blitz June 07 Late 2022"]
[White "Rasulov, Vugar"]
[Black "Jocev, Milan"]
[WhiteFideId "13402390"]
[BlackFideId "900680"]
[WhiteElo "2560"]
[BlackElo "2322"]
[Result "1-0"]
[Round "02"]
[TimeControl "180+1"]
[Date "2022.06.07"]
[WhiteClock "0:02:10"]
[BlackClock "0:01:12"]

1. Nf3 Nf6 2. c4 e6 3. g3 d5 4. Bg2 Be7 5. O-O O-O 6. b3 c5 7. Bb2 Nc6 8. cxd5 Nxd5 9. Nc3 Bf6 10. Qc2 b6 11. Nxd5 exd5 12. d4 Nxd4 13. Nxd4 Bxd4 14. Bxd4 cxd4 15. Rad1 Be6 16. Rxd4 Qf6 17. Rfd1 Rfd8 18. h4 h6 19. Qd2 Rac8 20. Bxd5 Bxd5 21. Rxd5 Rxd5 22. Qxd5 Rc2 23. Qe4 Rxa2 24. Kg2 Qe6 25. Rd8+ 1-0


[Site "https://www.chess.com"]

[Event "Titled Tuesday Blitz June 07 Late 2022"]
[White "Sadhwani, Raunak"]
[Black "Slugin, Sergey"]
[WhiteFideId "35093487"]
[BlackFideId "4122569"]
[WhiteElo "2616"]
[BlackElo "2358"]
[Result "1-0"]
[Round "02"]
[TimeControl "180+1"]
[Date "2022.06.07"]
[WhiteClock "0:00:05"]
[BlackClock "0:00:03"]

1. e4 e5 2. Nf3 Nc6 3. Bb5 a6 4. Ba4 d6 5. O-O Bg4 6. c3 Qf6 7. d3 Ne7 8. Nbd2 g5 9. Re1 h5 10. Nf1 Rg8 11. Ne3 Be6 12. d4 g4 13. Nd2 Bd7 14. Nd5 Nxd5 15. exd5 Nb8 16. Bc2 Bf5 17. dxe5 dxe5 18. Bxf5 Qxf5 19. Qb3 b6 20. d6 Bxd6 21. Qd5 Ra7 22. Nc4 Qe6 23. Qxe6+ fxe6 24. Nxe5 Rf8 25. a4 Rf5 26. Nc4 Ke7 27. Be3 Rb7 28. b4 Nd7 29. Re2 Rb8 30. Rae1 Ne5 31. Nxd6 cxd6 32. Bd4 Rc8 33. Bxe5 Rxe5 34. Rxe5 dxe5 35. Rxe5 Rxc3 36. g3 Rc4 37. a5 b5 38. Rxh5 Rxb4 39. Rh7+ Kf6 40. Ra7 Ra4 41. Rxa6 b4 42. Kg2 b3 43. Rb6 Rxa5 44. Rxb3 Ra2 45. Rb4 Kf5 46. Rf4+ Kg5 47. Re4 Kf5 48. Rf4+ Kg5 49. h4+ gxh3+ 50. Kxh3 e5 51. Rf8 Ra1 52. Kg2 Ra2 53. Kf3 Ra4 54. Ke3 Rb4 55. f3 Ra4 56. g4 Kg6 57. Rf5 e4 58. fxe4 Ra3+ 59. Kf4 Ra1 60. Rb5 Rf1+ 61. Ke5 Rg1 62. Ke6 Rxg4 63. e5 Rd4 64. Ke7 Rd1 65. e6 Re1 66. Rb2 Rd1 67. Rg2+ Kh7 68. Rg4 Rd2 69. Ke8 Rd1 70. e7 Rd2 71. Kf7 Rf2+ 72. Ke6 Re2+ 73. Kf6 Kh6 74. Rh4# 1-0


[Site "https://www.chess.com"]

[Event "Titled Tuesday Blitz June 07 Late 2022"]
[White "Sarana, Alexey"]
[Black "Volkov, Maksim"]
[WhiteFideId "24133795"]
[BlackFideId "54123070"]
[WhiteElo "2666"]
[BlackElo "2155"]
[Result "1-0"]
[Round "02"]
[TimeControl "180+1"]
[Date "2022.06.07"]
[WhiteClock "0:00:42"]
[BlackClock "0:00:16"]

1. d4 d5 2. c4 e6 3. Nc3 c6 4. Nf3 dxc4 5. g3 b5 6. Bg2 Bb7 7. O-O Nf6 8. Ne5 a6 9. b3 b4 10. bxc4 bxc3 11. Rb1 Qc7 12. Bf4 Bd6 13. c5 Bxe5 14. Bxe5 Qd7 15. Qb3 c2 16. Rb2 Bc8 17. Bxb8 O-O 18. Bd6 Re8 19. e4 a5 20. Qxc2 Ba6 21. Rfb1 a4 22. Rb6 Bb5 23. h3 Qc8 24. d5 Nd7 25. dxc6 Bxc6 26. Rxc6 Qxc6 27. e5 Qa6 28. Bxa8 Rxa8 29. c6 Nb6 30. c7 Nd5 31. Rb8+ 1-0


[Site "https://www.chess.com"]

[Event "Titled Tuesday Blitz June 07 Late 2022"]
[White "Saveliev, Alexei"]
[Black "Dubov, Daniil"]
[WhiteFideId "24128546"]
[BlackFideId "24126055"]
[WhiteElo "2281"]
[BlackElo "2791"]
[Result "0-1"]
[Round "02"]
[TimeControl "180+1"]
[Date "2022.06.07"]
[WhiteClock "0:00:02"]
[BlackClock "0:00:08"]

1. c4 e6 2. Nc3 d5 3. cxd5 exd5 4. d4 c6 5. Qc2 Bd6 6. Nf3 h6 7. e4 dxe4 8. Nxe4 Bb4+ 9. Bd2 Bxd2+ 10. Qxd2 Nf6 11. Bd3 O-O 12. O-O Nxe4 13. Bxe4 Nd7 14. Bf5 Nf6 15. Qc2 Bxf5 16. Qxf5 Qd5 17. Qc2 Rfe8 18. a3 Re6 19. Rfe1 Rae8 20. Rxe6 Rxe6 21. h3 Nh5 22. Qd2 Re4 23. Re1 Nf4 24. Rxe4 Qxe4 25. Kh2 Nd5 26. Ne5 f6 27. Nc4 h5 28. Ne3 Kf7 29. Kg1 h4 30. Nxd5 Qxd5 31. Qf4 Qb3 32. Qxh4 Qxb2 33. Qh5+ Ke7 34. Qc5+ Ke6 35. Qxa7 Qc1+ 36. Kh2 Qf4+ 37. Kg1 Qc1+ 38. Kh2 b5 39. Qc7 Qxa3 40. Qxg7 Qd6+ 41. Kg1 Qxd4 42. Qg8+ Kd6 43. Qd8+ Kc5 44. Qe7+ Qd6 45. Qe3+ Kc4 46. h4 b4 47. Qe2+ Kc3 48. h5 b3 49. h6 b2 50. Qf3+ Qd3 51. Qxc6+ Kd2 52. Qc7 b1=Q+ 53. Kh2 Qbb5 54. Qf4+ Kc2 55. Qg4 Qe5+ 56. g3 Qef5 57. Qa4+ Qb3 58. Qc6+ Qc3 59. Qa4+ Kc1 60. Qa7 Qh5+ 0-1


[Site "https://www.chess.com"]

[Event "Titled Tuesday Blitz June 07 Late 2022"]
[White "Shapiro, David"]
[Black "Sjugirov, Sanan"]
[WhiteFideId "24133523"]
[BlackFideId "4189302"]
[WhiteElo "2300"]
[BlackElo "2602"]
[Result "0-1"]
[Round "02"]
[TimeControl "180+1"]
[Date "2022.06.07"]
[WhiteClock "0:00:01"]
[BlackClock "0:00:29"]

1. d4 Nf6 2. Bf4 e6 3. e3 c5 4. Nc3 a6 5. d5 d6 6. a4 e5 7. Bg3 g6 8. Nf3 Bg7 9. Be2 O-O 10. Nd2 Nbd7 11. Nc4 Nb6 12. a5 Nxc4 13. Bxc4 Nh5 14. Na4 e4 15. Nb6 Rb8 16. c3 Qe7 17. Be2 Nxg3 18. hxg3 f5 19. Rc1 Bd7 20. b4 cxb4 21. cxb4 Be8 22. Qc2 Rf7 23. O-O h5 24. Qb3 Be5 25. b5 axb5 26. Bxb5 h4 27. Bxe8 Rxe8 28. gxh4 Qxh4 29. g3 Bxg3 30. fxg3 Qxg3+ 0-1


[Site "https://www.chess.com"]

[Event "Titled Tuesday Blitz June 07 Late 2022"]
[White "Suleymanli, Aydin"]
[Black "Nazaretyan, Tigran"]
[WhiteFideId "13413937"]
[BlackFideId "24162345"]
[WhiteElo "2481"]
[BlackElo "2179"]
[Result "1-0"]
[Round "02"]
[TimeControl "180+1"]
[Date "2022.06.07"]
[WhiteClock "0:01:43"]
[BlackClock "0:00:06"]

1. b4 e5 2. Bb2 d6 3. c4 g6 4. g3 Bg7 5. Bg2 a5 6. b5 Ne7 7. e3 Nd7 8. Ne2 Nb6 9. d3 d5 10. Qc2 dxc4 11. dxc4 Be6 12. Nd2 c6 13. O-O cxb5 14. cxb5 Rc8 15. Qd1 Bd5 16. Bxd5 Qxd5 17. Nc3 Qe6 18. Nde4 O-O 19. Qd6 Nc4 20. Qxe6 fxe6 21. Rab1 Nd5 22. Ba1 Rfd8 23. Rfd1 h6 24. Na4 Nb4 25. Nac5 Rxd1+ 26. Rxd1 Nxa2 27. Rd7 Bf8 28. Nf6+ Kh8 29. Rh7# 1-0


[Site "https://www.chess.com"]

[Event "Titled Tuesday Blitz June 07 Late 2022"]
[White "Svane, Rasmus"]
[Black "Stearman, Josiah"]
[WhiteFideId "4657101"]
[BlackFideId "2062496"]
[WhiteElo "2674"]
[BlackElo "2402"]
[Result "1-0"]
[Round "02"]
[TimeControl "180+1"]
[Date "2022.06.07"]
[WhiteClock "0:00:05"]
[BlackClock "0:00:05"]

1. Nf3 d5 2. g3 Nf6 3. Bg2 c6 4. O-O g6 5. c4 Bg7 6. Qb3 O-O 7. d4 Ne4 8. Nc3 Nxc3 9. bxc3 Bd7 10. cxd5 cxd5 11. Qxd5 Nc6 12. Rb1 Qc8 13. Bf4 Be6 14. Qb5 Bxa2 15. Rb2 Be6 16. d5 a6 17. Qb3 Na5 18. Qa2 Qxc3 19. dxe6 Qxb2 20. exf7+ Kh8 21. Qxa5 Qxe2 22. Re1 Qb5 23. Qa2 Rac8 24. Ng5 e5 25. Be3 Qb4 26. Rb1 Qc3 27. h4 b5 28. Ne6 Rxf7 29. Ng5 Rfc7 30. Bb6 Rc4 31. Bd5 h6 32. Nf7+ Kh7 33. Nd6 Qd3 34. Bxc4 Qxd6 35. Be6 Rc6 36. Bg8+ Kh8 37. Be3 e4 38. Bd5 Rc3 39. Bxe4 Rc4 40. Bg2 Ra4 41. Qe2 Qf6 42. Rd1 Ra1 43. Rxa1 Qxa1+ 44. Kh2 Qf6 45. Qg4 Kh7 46. h5 Qf5 47. hxg6+ Qxg6 48. Be4 1-0


[Site "https://www.chess.com"]

[Event "Titled Tuesday Blitz June 07 Late 2022"]
[White "Tarigan, Gilbert Elroy"]
[Black "Xiong, Jeffery"]
[WhiteFideId "7108133"]
[BlackFideId "2047640"]
[WhiteElo "1908"]
[BlackElo "2714"]
[Result "0-1"]
[Round "02"]
[TimeControl "180+1"]
[Date "2022.06.07"]
[WhiteClock "0:00:02"]
[BlackClock "0:00:13"]

1. d4 d5 2. Nf3 Nf6 3. c4 e6 4. g3 dxc4 5. Bg2 c6 6. O-O b5 7. Ne5 Bb7 8. b3 cxb3 9. axb3 Be7 10. Nc3 a6 11. Bb2 O-O 12. Qc2 Qb6 13. Ne4 Nfd7 14. Nd3 a5 15. Rfc1 Na6 16. h4 h6 17. e3 Rfc8 18. Qe2 Qd8 19. Qh5 f5 20. Nd2 Bd6 21. Nf3 c5 22. Ng5 Bxg2 23. Qf7+ Kh8 24. Nxe6 Qe7 25. Qxe7 Bxe7 26. Kxg2 c4 27. bxc4 bxc4 28. Ndf4 Bb4 29. d5 c3 30. Ba3 Ne5 31. Nd4 g6 32. h5 g5 33. Nfe6 Nd3 34. Rd1 Bxa3 35. Rxd3 Nb4 36. Rdd1 Bb2 37. Rab1 Nxd5 38. Nc2 Nb4 39. Ned4 Nxc2 40. Nxc2 a4 41. Rd6 Kg7 42. Rbd1 Rc7 43. Rg6+ Kh8 44. Rxh6+ Rh7 45. Rf6 a3 46. Nb4 Rb7 47. Na2 c2 48. Re1 Bxf6 0-1


[Site "https://www.chess.com"]

[Event "Titled Tuesday Blitz June 07 Late 2022"]
[White "Tica, Sven"]
[Black "Maghsoodloo, Parham"]
[WhiteFideId "14526948"]
[BlackFideId "12539929"]
[WhiteElo "2346"]
[BlackElo "2607"]
[Result "0-1"]
[Round "02"]
[TimeControl "180+1"]
[Date "2022.06.07"]
[WhiteClock "0:01:25"]
[BlackClock "0:01:38"]

1. d4 Nf6 2. Nc3 d5 3. Bf4 Bf5 4. Nb5 Na6 5. e3 c6 6. Nc3 Nb8 7. Be2 Nbd7 8. g4 Bg6 9. h4 h6 10. h5 Bh7 11. f3 e6 12. Bd3 Bxd3 13. Qxd3 Qb6 14. Nge2 c5 15. O-O Rc8 16. Na4 Qc6 17. Nxc5 Nxc5 18. dxc5 Bxc5 19. c3 Nd7 20. Rad1 Qa6 21. Qxa6 bxa6 22. Kg2 a5 23. e4 dxe4 24. fxe4 a4 25. Bd6 a6 26. e5 Rc6 27. Nd4 Rb6 28. Bxc5 Nxc5 29. b4 axb3 30. axb3 O-O 31. b4 Ne4 32. Rf3 Rc8 33. Rdd3 Rc4 34. Rfe3 Nxc3 35. Nxe6 Rxe6 36. Rxc3 Rxg4+ 37. Kh3 Rxb4 38. Rc8+ Kh7 39. Rc7 Rf4 40. Kg3 Rf5 41. Kg4 Rg5+ 42. Kh4 f6 0-1


[Site "https://www.chess.com"]

[Event "Titled Tuesday Blitz June 07 Late 2022"]
[White "Vasquez Schroeder, Rodrigo"]
[Black "Leschinsky, Gary"]
[WhiteFideId "3400042"]
[BlackFideId "30951321"]
[WhiteElo "2567"]
[BlackElo "1809"]
[Result "1-0"]
[Round "02"]
[TimeControl "180+1"]
[Date "2022.06.07"]
[WhiteClock "0:01:08"]
[BlackClock "0:00:04"]

1. e4 c5 2. Nf3 e6 3. d4 cxd4 4. Nxd4 a6 5. Bd3 Bc5 6. Nb3 Ba7 7. Qe2 Nc6 8. Be3 Nf6 9. O-O O-O 10. Bxa7 Rxa7 11. Qe3 b5 12. N1d2 d6 13. c3 Rc7 14. f4 Nd7 15. a4 Rb7 16. axb5 axb5 17. Ra6 Qc7 18. Rfa1 Rb8 19. R6a2 Rd8 20. Be2 b4 21. c4 Nc5 22. Bf3 Qb6 23. Kh1 Bd7 24. h3 Nxb3 25. Qxb6 Rxb6 26. Nxb3 g6 27. Ra6 Rbb8 28. e5 dxe5 29. Bxc6 Bxc6 30. Rxc6 exf4 31. Rf1 e5 32. Re1 f6 33. Rxf6 Re8 34. Nc5 Kg7 35. Rd6 Rbc8 36. Ne6+ Kh8 37. c5 h6 38. Rxe5 Re7 39. c6 b3 40. Nxf4 1-0


[Site "https://www.chess.com"]

[Event "Titled Tuesday Blitz June 07 Late 2022"]
[White "Abdrlauf, Elham"]
[Black "Sarana, Alexey"]
[WhiteFideId "1533533"]
[BlackFideId "24133795"]
[WhiteElo "2403"]
[BlackElo "2666"]
[Result "1-0"]
[Round "03"]
[TimeControl "180+1"]
[Date "2022.06.07"]
[WhiteClock "0:00:24"]
[BlackClock "0:00:01"]

1. e4 c5 2. Nf3 d6 3. d4 cxd4 4. Nxd4 Nf6 5. Nc3 a6 6. Bc4 e6 7. Bb3 b5 8. f4 b4 9. Na4 Be7 10. e5 dxe5 11. fxe5 Nd5 12. O-O O-O 13. Nf5 Bb7 14. Nxe7+ Qxe7 15. Qg4 Kh8 16. Bg5 Qc7 17. Rae1 Nd7 18. Qg3 Rae8 19. c4 bxc3 20. Nxc3 Nxc3 21. bxc3 Qc5+ 22. Kh1 f5 23. exf6 gxf6 24. Bxe6 Rxe6 25. Rxe6 fxg5 26. Rxf8+ Qxf8 27. h3 h6 28. Kh2 Qf1 29. Rxh6+ Kg8 30. Qxg5+ Kf8 31. Rh7 1-0


[Site "https://www.chess.com"]

[Event "Titled Tuesday Blitz June 07 Late 2022"]
[White "Andreikin, Dmitry"]
[Black "Licznerski, Lukasz"]
[WhiteFideId "4158814"]
[BlackFideId "1179250"]
[WhiteElo "2736"]
[BlackElo "2387"]
[Result "0-1"]
[Round "03"]
[TimeControl "180+1"]
[Date "2022.06.07"]
[WhiteClock "0:00:18"]
[BlackClock "0:00:08"]

1. d4 Nf6 2. c4 g6 3. Nc3 d5 4. cxd5 Nxd5 5. e4 Nxc3 6. bxc3 Bg7 7. Be3 c5 8. Qd2 cxd4 9. cxd4 Nc6 10. Rd1 O-O 11. Be2 e6 12. Nf3 Qa5 13. h4 b6 14. h5 Bb7 15. O-O Qxd2 16. Rxd2 Rfd8 17. h6 Bf6 18. Rfd1 Rac8 19. d5 exd5 20. Rxd5 Rxd5 21. Rxd5 Rd8 22. Bc4 Nb4 23. Rxd8+ Bxd8 24. Ne5 Bxe4 25. Bd2 Be7 26. Nxf7 Bd5 27. Bxd5 Nxd5 28. Ne5 Bf6 29. Nc6 a5 30. f4 Kf7 31. Kf2 Bc3 32. Bc1 Ke6 33. Kf3 Kd7 34. Na7 Nc7 35. Ke4 b5 36. g4 a4 37. f5 gxf5+ 38. Kxf5 b4 39. g5 Bd4 40. g6 hxg6+ 41. Kxg6 Bxa7 42. Bb2 Ne6 43. Bg7 b3 44. axb3 axb3 45. h7 Nf8+ 46. Bxf8 b2 47. h8=Q b1=Q+ 48. Kf7 Qb3+ 49. Kg6 Qg3+ 50. Kf7 Qb3+ 51. Kg6 Qd3+ 52. Kf7 Qd5+ 53. Kg6 Qe4+ 54. Kg5 Be3+ 55. Kh5 Qh1+ 56. Kg6 Qxh8 57. Bg7 Qe8+ 58. Kf5 Bc5 59. Be5 Qe6+ 60. Ke4 Bd6 0-1


[Site "https://www.chess.com"]

[Event "Titled Tuesday Blitz June 07 Late 2022"]
[White "Araujo Sanchez, Josue"]
[Black "Bok, Benjamin"]
[WhiteFideId "6416896"]
[BlackFideId "1017063"]
[WhiteElo "2339"]
[BlackElo "2658"]
[Result "0-1"]
[Round "03"]
[TimeControl "180+1"]
[Date "2022.06.07"]
[WhiteClock "0:01:18"]
[BlackClock "0:01:53"]

1. e4 c5 2. Nf3 d6 3. d4 cxd4 4. Qxd4 Nf6 5. Bb5+ Bd7 6. a4 g6 7. O-O Bg7 8. h3 O-O 9. Qe3 Nc6 10. Nc3 Rc8 11. Rd1 a6 12. Bxc6 Bxc6 13. e5 Ne8 14. exd6 Nxd6 15. Nd4 Re8 16. Qe2 Qa5 17. Nxc6 Rxc6 18. Nd5 e6 19. Ne3 b5 20. c3 b4 21. cxb4 Qxb4 22. Ra3 Rec8 23. Nf1 Rxc1 0-1


[Site "https://www.chess.com"]

[Event "Titled Tuesday Blitz June 07 Late 2022"]
[White "Baches Garcia, Guillermo"]
[Black "Lobanov, Sergei"]
[WhiteFideId "2209764"]
[BlackFideId "24183750"]
[WhiteElo "2500"]
[BlackElo "2524"]
[Result "0-1"]
[Round "03"]
[TimeControl "180+1"]
[Date "2022.06.07"]
[WhiteClock "0:00:03"]
[BlackClock "0:01:13"]

1. e4 e5 2. Nf3 Nc6 3. Bc4 Nf6 4. Ng5 d5 5. exd5 Na5 6. Bb5+ Bd7 7. Bxd7+ Qxd7 8. Nc3 Nxd5 9. Nxd5 Qxd5 10. O-O Bd6 11. d3 h6 12. Qh5 g6 13. Qh3 f5 14. c4 Qg8 15. Nf3 O-O-O 16. Bd2 Nc6 17. Bc3 Kb8 18. c5 Bxc5 19. Nxe5 Nd4 20. Bxd4 Bxd4 21. Nf3 Bxb2 22. Rab1 Qxa2 23. Qh4 Bc3 24. Rfc1 Ba5 25. Ra1 Qd5 0-1


[Site "https://www.chess.com"]

[Event "Titled Tuesday Blitz June 07 Late 2022"]
[White "Barp, Alberto"]
[Black "Suleymanli, Aydin"]
[WhiteFideId "872555"]
[BlackFideId "13413937"]
[WhiteElo "2229"]
[BlackElo "2481"]
[Result "0-1"]
[Round "03"]
[TimeControl "180+1"]
[Date "2022.06.07"]
[WhiteClock "0:00:14"]
[BlackClock "0:00:07"]

1. d4 Nf6 2. c4 e6 3. g3 d5 4. Bg2 Be7 5. Nf3 O-O 6. Nc3 dxc4 7. Ne5 c5 8. dxc5 Qxd1+ 9. Nxd1 Bxc5 10. O-O Nc6 11. Bxc6 bxc6 12. Be3 Be7 13. Nxc6 Bd6 14. Bf4 Bc5 15. Be3 Bd6 16. Bf4 Bxf4 17. gxf4 Bb7 18. Na5 Ba6 19. Rc1 Rac8 20. Ne3 c3 21. Rxc3 Rxc3 22. bxc3 Bxe2 23. Rb1 Rc8 24. c4 g6 25. Rb2 Bf3 26. h3 Nh5 27. Kh2 Ba8 28. Rd2 Nxf4 29. Rd7 h5 30. Rxa7 Nd3 31. Kg1 Bf3 32. Nb3 Nf4 33. h4 Rd8 34. Kh2 Ne2 35. c5 Rb8 36. Ra4 Bc6 37. Ra6 Bf3 38. Ra4 Nc3 39. Rf4 Ba8 40. Nd2 Rb2 41. Ndc4 Rxa2 42. Ne5 Ra1 43. f3 Ra2+ 44. Kh1 Re2 45. N3c4 Nd5 46. Rxf7 Ne3 47. Ra7 Bd5 48. Nxe3 Rxe3 49. c6 Rxe5 50. c7 Bxf3+ 51. Kh2 Rc5 52. Kg3 Bh1 53. Kf4 Kf8 54. Ke3 Ke8 55. Kd4 Rc6 56. Ra8+ Kd7 57. Rg8 Kxc7 58. Rg7+ Kd6 59. Rxg6 Bf3 60. Rf6 Bg4 61. Rh6 Rc5 62. Ke4 Re5+ 63. Kf4 Kd5 64. Rh8 Rf5+ 65. Ke3 Rf3+ 66. Kd2 Rh3 0-1


[Site "https://www.chess.com"]

[Event "Titled Tuesday Blitz June 07 Late 2022"]
[White "Bayo Milagro, Alvaro"]
[Black "Steinberg, Nitzan"]
[WhiteFideId "22275240"]
[BlackFideId "2801795"]
[WhiteElo "2270"]
[BlackElo "2471"]
[Result "0-1"]
[Round "03"]
[TimeControl "180+1"]
[Date "2022.06.07"]
[WhiteClock "0:01:21"]
[BlackClock "0:01:34"]

1. d4 d6 2. c4 g6 3. Nc3 Bg7 4. e4 Nf6 5. f3 c5 6. d5 a6 7. a4 O-O 8. Be3 e6 9. Nge2 exd5 10. cxd5 Re8 11. Qd2 Nbd7 12. Ng3 h5 13. Be2 h4 14. Nf1 h3 15. g4 Ne5 16. Ng3 Bxg4 17. fxg4 Nfxg4 18. Bf4 c4 19. Nf1 Bf6 20. Ne3 Bh4+ 21. Bg3 Bg5 22. Ncd1 Qb6 23. Bf2 Nxf2 24. Kxf2 Nd7 25. Nc3 Nc5 26. a5 Qa7 27. Kf3 Nb3 0-1


[Site "https://www.chess.com"]

[Event "Titled Tuesday Blitz June 07 Late 2022"]
[White "Bernadskiy, Vitaliy"]
[Black "Svane, Rasmus"]
[WhiteFideId "14100371"]
[BlackFideId "4657101"]
[WhiteElo "2473"]
[BlackElo "2674"]
[Result "1-0"]
[Round "03"]
[TimeControl "180+1"]
[Date "2022.06.07"]
[WhiteClock "0:00:13"]
[BlackClock "0:00:01"]

1. b3 d5 2. Bb2 Bg4 3. f3 Bf5 4. e3 e6 5. Ne2 h6 6. Nbc3 c5 7. d4 Nc6 8. Qd2 cxd4 9. Nxd4 Nxd4 10. Qxd4 Ne7 11. O-O-O Nc6 12. Bb5 a6 13. Bxc6+ bxc6 14. e4 Bg6 15. exd5 cxd5 16. Rhe1 Be7 17. Nxd5 Qxd5 18. Qxd5 exd5 19. Bxg7 Kd7 20. Bxh8 Rxh8 21. Rxd5+ Kc6 22. Rd4 Bg5+ 23. f4 Bf6 24. Rc4+ Kb6 25. Rd1 Be7 26. g4 h5 27. f5 Bh7 28. h3 Re8 29. a4 hxg4 30. hxg4 Bg8 31. Kb1 Bf8 32. Rcd4 Kc7 33. Rd7+ Kc8 34. Ra7 Kb8 35. Rxa6 Kb7 36. Ra5 f6 37. Rb5+ Kc6 38. Rd3 Bd6 39. Rc3+ Kd7 40. Rb7+ Kd8 41. Ra7 Re1+ 42. Kb2 Bd5 43. Rd3 Be5+ 44. c3 Re2+ 45. Kb1 Re3 1-0


[Site "https://www.chess.com"]

[Event "Titled Tuesday Blitz June 07 Late 2022"]
[White "Bluebaum, Matthias"]
[Black "Hjartarson, Johann"]
[WhiteFideId "24651516"]
[BlackFideId "2300044"]
[WhiteElo "2556"]
[BlackElo "2458"]
[Result "1-0"]
[Round "03"]
[TimeControl "180+1"]
[Date "2022.06.07"]
[WhiteClock "0:01:34"]
[BlackClock "0:01:01"]

1. d4 Nf6 2. c4 e6 3. Nc3 d5 4. cxd5 exd5 5. Bg5 Be7 6. e3 c6 7. Bd3 Nbd7 8. h3 O-O 9. Qc2 h6 10. Bf4 Re8 11. Nf3 Nf8 12. O-O-O Ne6 13. Be5 b5 14. g4 Qa5 15. Kb1 b4 16. Bxf6 Bxf6 17. Na4 Bd7 18. Rc1 Rec8 19. Nc5 Nxc5 20. Qxc5 Qxc5 21. Rxc5 Be7 22. Rc2 f6 23. Rhc1 Bd6 24. Bf5 Be8 25. Bxc8 Rxc8 26. Ka1 Kf8 27. Ne1 Ke7 28. Nd3 a5 29. Nf4 g5 30. Nxd5+ 1-0


[Site "https://www.chess.com"]

[Event "Titled Tuesday Blitz June 07 Late 2022"]
[White "Boder, Jan"]
[Black "Wieczorek, Oskar"]
[WhiteFideId "16243226"]
[BlackFideId "1133950"]
[WhiteElo "2064"]
[BlackElo "2330"]
[Result "0-1"]
[Round "03"]
[TimeControl "180+1"]
[Date "2022.06.07"]
[WhiteClock "0:00:04"]
[BlackClock "0:01:05"]

1. c4 Nf6 2. g3 h5 3. Nf3 c5 4. Nc3 Nc6 5. Bg2 d6 6. d4 cxd4 7. Nxd4 Bd7 8. Bg5 Rc8 9. O-O a6 10. b3 e6 11. Ne4 Be7 12. Bxf6 gxf6 13. Nf3 Qc7 14. Qd2 f5 15. Nc3 h4 16. Rad1 hxg3 17. hxg3 Ne5 18. Nxe5 dxe5 19. Qxd7+ Qxd7 20. Rxd7 Kxd7 21. Bxb7 Rcd8 22. Bxa6 e4 23. a4 Kc7 24. Rd1 Bb4 25. Rxd8 Rxd8 26. Na2 Rd1+ 27. Kg2 Bd2 28. c5 Ra1 0-1


[Site "https://www.chess.com"]

[Event "Titled Tuesday Blitz June 07 Late 2022"]
[White "Bortnyk, Mykola"]
[Black "Shapiro, Daniel"]
[WhiteFideId "14120836"]
[BlackFideId "2001780"]
[WhiteElo "2582"]
[BlackElo "2263"]
[Result "1-0"]
[Round "03"]
[TimeControl "180+1"]
[Date "2022.06.07"]
[WhiteClock "0:01:50"]
[BlackClock "0:00:16"]

1. e4 c5 2. c3 e6 3. d4 d5 4. exd5 exd5 5. Be3 c4 6. b3 cxb3 7. axb3 Bd6 8. Bd3 Nc6 9. Qf3 Nge7 10. Ne2 O-O 11. O-O g6 12. Ng3 f5 13. Bh6 Rf7 14. Bf4 Qc7 15. Ne2 Kg7 16. Re1 Bd7 17. Qg3 Bxf4 18. Nxf4 Rc8 19. Nd2 a6 20. Nf3 Qb6 21. Ng5 Rf6 22. Nh5+ gxh5 23. Ne6+ 1-0


[Site "https://www.chess.com"]

[Event "Titled Tuesday Blitz June 07 Late 2022"]
[White "Bryakin, Mikhail"]
[Black "Grigoriants, Sergey"]
[WhiteFideId "4165314"]
[BlackFideId "4130804"]
[WhiteElo "2417"]
[BlackElo "2502"]
[Result "0-1"]
[Round "03"]
[TimeControl "180+1"]
[Date "2022.06.07"]
[WhiteClock "0:00:02"]
[BlackClock "0:00:07"]

1. e4 c6 2. Nc3 d5 3. d4 dxe4 4. Nxe4 Bf5 5. Ng3 Bg6 6. h4 h6 7. Nf3 e6 8. Ne5 Bh7 9. Bd3 Bxd3 10. Qxd3 Nd7 11. f4 Be7 12. h5 Ngf6 13. Bd2 O-O 14. O-O-O c5 15. dxc5 Nxe5 16. Qxd8 Rfxd8 17. fxe5 Ng4 18. Bf4 Bxc5 19. Rhe1 Bf2 20. Rxd8+ Rxd8 21. Re4 g5 22. hxg6 fxg6 23. Ne2 g5 24. Bd2 Nh2 25. Bc3 Nf1 26. b4 Kf7 27. a4 Kg6 28. Rc4 Ne3 29. Rc7 Nxg2 30. Rxb7 h5 31. Re7 h4 32. Rxe6+ Kh5 33. Re7 h3 34. Rh7+ Kg4 35. e6 Nh4 36. e7 Re8 37. Be5 Ng6 38. Bd6 Be3+ 39. Kb1 Bf4 40. Nxf4 gxf4 41. c4 f3 42. Bc5 Nxe7 43. Rg7+ Kf5 44. Rh7 Kg4 45. Rg7+ Kf4 46. Rh7 Nf5 47. Rxh3 Re4 0-1


[Site "https://www.chess.com"]

[Event "Titled Tuesday Blitz June 07 Late 2022"]
[White "Cruz Mendez, Jean Marco"]
[Black "Ibarra Jerez, Jose Carlos"]
[WhiteFideId "3526402"]
[BlackFideId "2226332"]
[WhiteElo "2064"]
[BlackElo "2628"]
[Result "0-1"]
[Round "03"]
[TimeControl "180+1"]
[Date "2022.06.07"]
[WhiteClock "0:00:06"]
[BlackClock "0:00:06"]

1. Nf3 Nf6 2. b3 d6 3. Bb2 e5 4. e3 c5 5. d4 cxd4 6. exd4 e4 7. Nfd2 d5 8. c4 Nc6 9. Be2 h5 10. cxd5 Nxd5 11. Nxe4 Bb4+ 12. Kf1 O-O 13. a3 Ba5 14. Nbd2 Re8 15. b4 Bb6 16. Nc5 Nf4 17. Bc4 Qg5 18. Qf3 Bg4 19. Nde4 Bxf3 20. Nxg5 Bxg2+ 21. Kg1 Nd8 22. Nd7 Bc7 23. Ne5 Bxe5 24. dxe5 Rc8 25. Bb3 Bc6 26. Rd1 Bxh1 27. Kxh1 Nde6 28. Ne4 Red8 29. Nd6 Rc7 30. h4 g6 31. Kg1 Kg7 32. Kf1 b6 33. Kg1 Rdd7 34. Kh2 Rd8 35. Kg3 Rcd7 36. Kh2 Kh6 37. Bc1 Kh7 38. Bb2 Kg7 39. Bc1 Kf8 40. Bb2 Rc7 41. Kg3 Rdd7 42. Kh2 Rc6 43. Kg3 Rdc7 44. Kh2 a6 45. Kg3 Rc3+ 46. Bxc3 Rxc3+ 47. Kh2 Rxb3 0-1


[Site "https://www.chess.com"]